 Dungeon Crawl Stone Soup version 0.26.0-10-g1f06aea511 (webtiles) character file.

Game seed: 2197565537210695415

716 Borgoz the Skirmisher (level 7, -1/66 HPs)
             Began as a Gargoyle Berserker on Jan 18, 2021.
             Was a Priest of Trog.
             Slain by an orc
             ... wielding a +0 whip
              (2 damage)
             ... on level 4 of the Dungeon.
             The game lasted 00:05:27 (4873 turns).

Borgoz the Skirmisher (Gargoyle Berserker)          Turns: 4873, Time: 00:05:28

Health: -1/66      AC: 15    Str: 20    XL:     7   Next: 69%
Magic:  7/7        EV: 10    Int:  8    God:    Trog [***...]
Gold:   164        SH:  7    Dex: 11    Spells: 6/6 levels left

rFire    . . .     SeeInvis .   a - +1 falchion
rCold    . . .     Faith    .   l - +0 kite shield
rNeg     + . .     Spirit   .   n - +2 animal skin
rPois    ∞         Reflect  .   o - +2 helmet
rElec    +         Harm     .   (no cloak)
rCorr    .         Rampage  .   g - +0 pair of gloves
Will     .....                  i - +1 pair of boots
Stlth    ..........             (no amulet)
HPRegen  0.21/turn              (no ring)
MPRegen  0.10/turn              (no ring)

@: berserking (expiring), very quick
A: negative energy resistance 1, electricity resistance, unbreathing,
petrification resistance, miasma immunity, AC +4
a: Renounce Religion, Berserk, Trog's Hand


You were on level 4 of the Dungeon.
You worshipped Trog.
Trog was most pleased with you.
You visited 1 branch of the dungeon, and saw 4 of its levels.
You also visited: Sewer.

You collected 164 gold pieces.

Inventory:

Hand Weapons
 a - a +1 falchion (weapon)
Armour
 g - a +0 pair of gloves (worn)
 i - a +1 pair of boots (worn)
 l - a +0 kite shield (worn)
 n - a +2 animal skin (worn)
 o - a +2 helmet (worn)
Jewellery
 m - an uncursed ring of ice
Scrolls
 c - 3 scrolls of remove curse
 e - a scroll of amnesia
 k - 3 scrolls of teleportation
Potions
 b - 3 potions of flight {unknown}
 d - 4 potions of curing
 f - a potion of heal wounds {unknown}


   Skills:
 + Level 5.5 Fighting
 + Level 4.6 Long Blades
 + Level 4.9 Armour
 + Level 3.6 Dodging


You had 6 spell levels left.
You didn't know any spells.
Your spell library was empty.

Dungeon Overview and Level Annotations

Branches:
Dungeon (4/15)              Sewer (visited)
 Temple: D:4-7

Altars:
Ashenzari
Fedhas
Makhleb
Okawaru
Zin
The Shining One


Innate Abilities, Weirdness & Mutations

You are resistant to torment.
Your stone body is resilient. (AC +4)
You are immune to poison.
You resist negative energy. (rN+)
You are resistant to electric shocks. (rElec)
You can survive without breathing.
You are immune to petrification.
You are immune to miasma.


Message History

* * * LOW HITPOINT WARNING * * *
You barely miss the orc warrior.
The orc warrior is heavily wounded.
You block the orc's attack.
The orc warrior hits you with a cursed -3 halberd.
* * * LOW HITPOINT WARNING * * *
The orc hits you but does no damage. x3
You barely miss the orc. The orc hits you but does no damage.
The orc completely misses you. The orc hits you but does no damage.
The orc warrior barely misses you.
You riposte.
You hit the orc warrior but do no damage.
The orc warrior is heavily wounded.
You closely miss the orc.
The orc hits you from afar with a +0 trident.
* * * LOW HITPOINT WARNING * * *
You slash the orc!
You kill the orc!
Trog accepts your kill. The orc hits you with a +0 whip.
You die...

#.# ###.# . #.#
#.# .# #.## #.# #
#..# #.# ##.# #.#
# #.# #.# .# #.#
#.##.#####
#.######[#o......
#........@ol.....
##########o..####
oo.# ...# $....
..##.. ?.. ...
.## .#


You could see an orc warrior, an iguana, an orc priest and 3 orcs.

Vanquished Creatures
  A phantom (D:4)
  A big kobold (Sewer)
  Blork the orc (D:4)
  A howler monkey (D:4)
  2 hounds (D:4)
  An orc priest (D:4)
  An orc wizard (D:4)
  Natasha (thrice) (D:3)
  A hound skeleton (D:2)
  Robin (D:2)
  9 adders
  A gnoll (D:1)
  2 river rats (Sewer)
  An ooze (D:1)
  5 worms
  4 dart slugs
  3 leopard geckos
  7 orcs (D:4)
  7 bats
  7 giant cockroaches
  15 goblins
  7 hobgoblins
  4 jackals
  2 quokkas
  2 ball pythons (D:2)
  7 frilled lizards
  11 kobolds
  A quokka skeleton (D:4)
  10 rats
118 creatures vanquished.

Notes
Turn   | Place    | Note
-------+----------+-------------------------------------------
     0 | D:1      | Borgoz the Gargoyle Berserker began the quest for the Orb.
     0 | D:1      | Reached XP level 1. HP: 14/14 MP: 1/1
    66 | D:1      | Reached XP level 2. HP: 13/19 MP: 2/2
   476 | D:1      | Reached XP level 3. HP: 21/23 MP: 3/3
   968 | D:1      | You fall into a shaft and drop 1 floor!
  1013 | D:2      | Reached XP level 4. HP: 18/29 MP: 4/4
  1349 | D:2      | Reached skill level 4 in Fighting
  1408 | D:2      | Reached ** piety under Trog
  1561 | D:2      | Noticed Robin
  1890 | D:2      | Reached XP level 5. HP: 24/33 MP: 5/5
  2252 | D:2      | Killed Robin
  2714 | D:2      | Found a blossoming altar of Fedhas.
  2948 | D:3      | Found a glowing drain.
  3025 | Sewer    | Entered a sewer
  3363 | Sewer    | Noticed a big kobold
  3386 | Sewer    | Reached *** piety under Trog
  3387 | Sewer    | Reached XP level 6. HP: 30/39 MP: 6/6
  3489 | Sewer    | Found a white marble altar of Elyvilon.
  3735 | D:3      | Found a glowing golden altar of the Shining One.
  3736 | D:3      | Found a broken altar of Ashenzari.
  3753 | D:3      | Noticed Natasha
  3760 | D:3      | Killed Natasha
  3856 | D:3      | Noticed Natasha
  3865 | D:3      | Killed Natasha
  4176 | D:3      | Noticed Natasha
  4188 | D:3      | Killed Natasha
  4222 | D:4      | Found a burning altar of Makhleb.
  4248 | D:4      | Reached skill level 5 in Fighting
  4251 | D:4      | Reached XP level 7. HP: 36/44 MP: 7/7
  4309 | D:4      | Found a glowing silver altar of Zin.
  4344 | D:4      | Found an iron altar of Okawaru.
  4353 | D:4      | Noticed Blork the orc
  4370 | D:4      | Killed Blork the orc
  4872 | D:4      | HP: 1/66 [orc/+0 trident (4)]
  4873 | D:4      | Slain by an orc

Illustrated notes

Levels and vault maps discovered:
D:1:      matt_arrival_los_fun, layout_basic, serial_park_tiny_1
D:2:      minmay_door_path, layout_basic, marbit_many_paths,
          serial_corexii_hall, corexii_hall_statues_deadend,
          corexii_hall_statues_x, corexii_hall_statues_t,
          corexii_hall_statues_i, uniq_robin
D:3:      layout_basic, gammafunk_temple_overflow_statue, gup_sewer_entry_glass,
          uniq_natasha
D:4:      layout_loops_ring, bloody_makhleb, general_overflow_altar,
          kennysheep_little_box, uniq_blork_the_orc

Skill      XL: |  1  2  3  4  5  6 |
---------------+-------------------+-----
Long Blades    | 3 4 |  4.6
Dodging        | 2 3 |  3.6
Armour         | 3 4 |  4.9
Fighting       | 4 5 |  5.5

Action                   |  1- 3 |  4- 6 |  7- 9 || total
-------------------------+-------+-------+-------++-------
Melee: Falchion          |    95 |   339 |    83 ||   517
Invok: Berserk           |     1 |     3 |     2 ||     6
       Trog's Hand       |       |     1 |       ||     1
  Use: Scroll            |       |     8 |       ||     8
 Stab: Distracted        |       |     1 |       ||     1
       Sleeping          |       |     1 |       ||     1
Armor: Animal skin       |    29 |   181 |    46 ||   256
Dodge: Dodged            |    75 |   193 |    40 ||   308
Block: Kite shield       |       |   112 |    42 ||   154
       Rpst.: Falchion   |    23 |    59 |     9 ||    91
